 Dungeon Crawl Stone Soup version 0.30-a0-930-gb9d0489357 (webtiles) character file.

Game seed: 4019686051560674834

62 12sPaWn12 the Covered (level 4, -5/29 HPs)
             Began as a Gargoyle Fighter on Mar 23, 2023.
             Slain by an orc
             ... wielding a +0 trident
              (6 damage)
             ... on level 2 of the Dungeon.
             The game lasted 00:01:17 (672 turns).

12sPaWn12 the Covered (Gargoyle Fighter)             Turns: 672, Time: 00:01:18

Health: -5/29      AC: 10    Str: 21    XL:     4   Next: 8%
Magic:  4/4        EV:  9    Int:  9    God:
Gold:   36         SH:  4    Dex:  9    Spells: 3/3 levels left

rFire   . . .      SeeInvis .    a - +0 flail
rCold   . . .      Faith    .    c - +0 buckler
rNeg    + . .      Spirit   .    b - +0 scale mail
rPois   ∞          Reflect  .    (no helmet)
rElec   +          Rampage  .    (no cloak)
rCorr   .                        (no gloves)
Will    .....                    (no boots) Stlth
                                 (no amulet)
HPRegen 0.24/turn                (no ring)
MPRegen 0.09/turn                (no ring)

@: mighty
A: sickness immunity, AC +3, negative energy resistance 1, electricity
resistance, torment resistance 1, petrification resistance
a: no special abilities


You were on level 2 of the Dungeon.
You visited 1 branch of the dungeon, and saw 2 of its levels.

You collected 36 gold pieces.

Inventory:

Hand Weapons
 a - a +0 flail (weapon)
Armour
 b - a +0 scale mail (worn)
 c - a +0 buckler (worn)
Jewellery
 g - an amulet of reflection
Scrolls
 i - a scroll of vulnerability {unknown}
Potions
 e - 2 potions of lignification {unknown}
 f - a potion of flight {unknown}
 h - a potion of brilliance {unknown}
 j - 2 potions of magic {unknown}


   Skills:
 * Level 3.7 Fighting
 * Level 2.7 Maces & Flails
 * Level 3.9 Armour
 * Level 0.7 Dodging
 * Level 3.6 Shields


You had 3 spell levels left.
You didn't know any spells.
Your spell library was empty.

Dungeon Overview and Level Annotations

Branches:
Dungeon (2/15)

Altars:


Innate Abilities, Weirdness & Mutations

You are immune to sickness and miasma.
Your stone body is resilient. (AC +3)
You are immune to poison.
You resist negative energy. (rN+)
You are resistant to electric shocks. (rElec)
You are resistant to unholy torment.
You are immune to petrification.


Message History

The orc is almost dead.
The orc barely misses you. The orc hits you but does no damage.
You sock the orc!
You kill the orc!
The orc barely misses you.
The quokka twitches its whiskers.
The orc hits you from afar with a +0 trident.
You closely miss the quokka. The quokka barely misses you.
The orc priest mumbles some strange prayers to Beogh against you.
Beogh smites you! The orc closely misses you. The quokka barely misses you.
You are too injured to fight recklessly!
You are too injured to fight recklessly!
You are too injured to fight recklessly!
You are too injured to fight recklessly!
You are too injured to fight recklessly!
You are too injured to fight recklessly!
You are too injured to fight recklessly!
You are too injured to fight recklessly!
You are too injured to fight recklessly!
You are too injured to fight recklessly!
You are too injured to fight recklessly!
You are too injured to fight recklessly!
You are too injured to fight recklessly!
You are too injured to fight recklessly!
You are too injured to fight recklessly!
You are too injured to fight recklessly!
You are too injured to fight recklessly!
You are too injured to fight recklessly!
You are too injured to fight recklessly!
You are too injured to fight recklessly!
You are too injured to fight recklessly!
You are too injured to fight recklessly!
You feel very mighty all of a sudden. You block the quokka's attack.
The orc hits you but does no damage.
The orc priest invokes the aid of Beogh against you.
Beogh smites you!
* * * LOW HITPOINT WARNING * * *
You closely miss the quokka. The quokka barely misses you.
The orc hits you from afar with a +0 trident.
You die...

.... ....>...# ............####
...>...)# #####..........#
.....?.<# ....#..........#
........# ....#..........#
.......)# ....#.....##...#
.......oo.S.... #####.....##...#
#....##.rr.....
##........##...###o...##........
##........##....@r..............
##........##....###.##.......#..
................# .. ......# .
###.......####### .......#
#.+..............
#.#....##........
.......##........
...#'#.##........
...#.#.##........


You could see an orc and a quokka.

Vanquished Creatures
  2 adders (D:2)
  A worm (D:2)
  3 orcs
  2 ball pythons (D:1)
  3 bats (D:1)
  2 endoplasms
  A giant cockroach (D:1)
  10 goblins
  2 hobgoblins (D:1)
  2 jackals (D:1)
  A kobold (D:1)
  A quokka (D:2)
  3 rats
33 creatures vanquished.

Notes
Turn   | Place    | Note
-------+----------+-------------------------------------------
     0 | D:1      | 12sPaWn12 the Gargoyle Fighter began the quest for the Orb.
     0 | D:1      | Reached XP level 1. HP: 14/14 MP: 1/1
    82 | D:1      | Found a faded altar of an unknown god.
   145 | D:1      | Reached XP level 2. HP: 19/19 MP: 2/2
   366 | D:1      | Reached XP level 3. HP: 21/23 MP: 3/3
   650 | D:2      | Reached XP level 4. HP: 28/29 MP: 4/4
   671 | D:2      | HP: 1/29 [orc priest/divine providence (10)]
   672 | D:2      | Slain by an orc

Illustrated notes

Levels and vault maps discovered:
D:1:      dpeg_arrival_houses_and_road, layout_rooms,
          dilly_ecumenical_altar_fadedgnrine, chequers_serial_rivers_micro_e
D:2:      layout_basic, basic_altar, st_stairs_9

Action                     |  1- 3 |  4- 6 || total
---------------------------+-------+-------++-------
  Melee: Flail             |    96 |     9 ||   105
    Use: Potion            |       |     1 ||     1
 Armour: Scale mail        |    71 |     7 ||    78
  Dodge: Dodged            |    49 |    11 ||    60
  Block: Buckler           |    21 |     2 ||    23

Table legend: (Time is in decaauts)
 A = Elapsed time spent in this place.
 B = Non-inter-level travel time spent in this place.
 C = Inter-level travel time spent in this place.
 D = Time resting spent in this place.
 E = Time spent auto-exploring this place.
 F = Levels seen in this place.
 G = Mean time per level.
                   A        B        C        D        E       F      G
               +--------+--------+--------+--------+--------+-----+--------+
         Total |    706 |    672 |     34 |      0 |    447 |   2 |  353.0 |
       Dungeon |    706 |    672 |     34 |      0 |    447 |   2 |  353.0 |
               +--------+--------+--------+--------+--------+-----+--------+

Top non-repeatable levels by time:
     D:1: 539 daAuts
     D:2: 167 daAuts
